[Event "Titled Tuesday Blitz April 11 Early 2023"]
[White "Jeet, Jain"]
[Black "Cornette, Matthieu"]
[WhiteFideId "5073022"]
[BlackFideId "620084"]
[WhiteElo "2067"]
[BlackElo "2478"]
[Result "0-1"]
[Round "09"]
[TimeControl "180+2"]
[Date "2023.04.11"]
[WhiteClock "0:00:13"]
[BlackClock "0:01:06"]

1. Nf3 Nf6 2. b3 g6 3. Bb2 Bg7 4. c4 d6 5. e3 e5 6. d4 e4 7. Nfd2 O-O 8. Nc3 Re8 9. h3 h5 10. g3 Nc6 11. Bg2 Bf5 12. a3 Qd7 13. Qc2 Re7 14. Ndxe4 Nxe4 15. Bxe4 Bxe4 16. Nxe4 Qf5 17. O-O-O Qxe4 18. Qc3 Qf3 19. Rhf1 Re4 20. b4 a5 21. b5 Ne7 22. a4 c5 23. bxc6 bxc6 24. Qa3 Rb8 25. Qxd6 Rb4 26. Qc5 Qe2 27. Rd2 Qxf1+ 0-1


[Site "https://www.chess.com"]

[Event "Titled Tuesday Blitz April 11 Early 2023"]
[White "Ioannidis, Evgenios"]
[Black "slidingknight2775"]
[WhiteFideId "4229274"]
[WhiteElo "2386"]
[BlackElo "2582"]
[Result "1-0"]
[Round "09"]
[TimeControl "180+2"]
[Date "2023.04.11"]
[WhiteClock "0:01:43"]
[BlackClock "0:00:06"]

1. d4 Nf6 2. c4 e6 3. Nc3 Bb4 4. Qc2 O-O 5. e4 d6 6. e5 dxe5 7. dxe5 Ng4 8. Nf3 Nc6 9. Bf4 f6 10. Rd1 Qe7 11. Bd3 g6 12. exf6 Qxf6 13. Bg3 Bxc3+ 14. bxc3 Nge5 15. Nxe5 Nxe5 16. Be2 Bd7 17. f4 Bc6 18. fxe5 Qg5 19. Qd2 Qf5 20. Rf1 Qe4 21. Rf3 Rae8 22. Qd3 Qxd3 23. Rxf8+ Rxf8 24. Rxd3 Bxg2 25. Rd7 Bc6 26. Rxc7 a5 27. Re7 Rf5 28. Bg4 Rg5 29. Bxe6+ Kf8 30. Rxh7 1-0


[Site "https://www.chess.com"]

[Event "Titled Tuesday Blitz April 11 Early 2023"]
[White "Pham, Le Thao Nguyen"]
[Black "Hambleton, Aman"]
[WhiteFideId "12401226"]
[BlackFideId "2606577"]
[WhiteElo "2286"]
[BlackElo "2511"]
[Result "0-1"]
[Round "09"]
[TimeControl "180+2"]
[Date "2023.04.11"]
[WhiteClock "0:00:12"]
[BlackClock "0:00:06"]

1. d4 e5 2. dxe5 Nc6 3. Nf3 Qe7 4. Qd5 f6 5. exf6 Nxf6 6. Qd1 d5 7. e3 Bg4 8. Be2 O-O-O 9. O-O h5 10. Nbd2 Kb8 11. b3 Qe6 12. Bb2 Bd6 13. Re1 Rhf8 14. Bxf6 Qxf6 15. Nf1 g5 16. Qd2 Bb4 17. Qd3 Bxe1 18. Rxe1 Ne5 19. Qd1 Bxf3 20. gxf3 Nxf3+ 21. Bxf3 Qxf3 22. Qxf3 Rxf3 23. Re2 g4 24. Nd2 Rf5 25. c4 a5 26. a4 d4 27. exd4 Rxd4 28. Ne4 Re5 29. Ng3 Rxe2 30. Nxe2 Rd3 0-1


[Site "https://www.chess.com"]

[Event "Titled Tuesday Blitz April 11 Early 2023"]
[White "Aradhya, Garg"]
[Black "Martic, Ivan"]
[WhiteFideId "25006746"]
[BlackFideId "929301"]
[WhiteElo "2263"]
[BlackElo "2360"]
[Result "0-1"]
[Round "09"]
[TimeControl "180+2"]
[Date "2023.04.11"]
[WhiteClock "0:02:16"]
[BlackClock "0:01:30"]

1. d4 d5 2. c4 c6 3. Nf3 Nf6 4. Nc3 dxc4 5. a4 Bf5 6. Ne5 Nbd7 7. Nxc4 Nb6 8. Ne5 a5 9. h4 h5 10. f3 Nfd7 11. e4 Nxe5 12. exf5 Ned7 13. Qb3 Qc7 14. Be3 g6 15. fxg6 Qg3+ 16. Bf2 Qxg6 17. d5 Nxd5 18. Nxd5 cxd5 19. Qxd5 e6 20. Qe4 Bb4+ 21. Ke2 Qh6 22. Be3 Qg7 23. Bd4 Qh6 24. Be3 Qg7 25. Bd4 Qh6 26. g4 Qd2# 0-1


[Site "https://www.chess.com"]

[Event "Titled Tuesday Blitz April 11 Early 2023"]
[White "Gontcharov, Vladislav"]
[Black "Pakleza, Zbigniew"]
[WhiteFideId "4123492"]
[BlackFideId "1119290"]
[WhiteElo "2420"]
[BlackElo "2410"]
[Result "0-1"]
[Round "09"]
[TimeControl "180+2"]
[Date "2023.04.11"]
[WhiteClock "0:00:12"]
[BlackClock "0:00:09"]

1. d4 d6 2. e4 Nf6 3. Nc3 c6 4. Nf3 Bg4 5. h3 Bh5 6. Be2 e6 7. Bg5 Be7 8. Qd2 d5 9. Bxf6 Bxf6 10. e5 Be7 11. Nd1 c5 12. O-O Nc6 13. dxc5 Bxc5 14. Re1 O-O 15. c3 Qc7 16. g4 Bg6 17. Bd3 Rfd8 18. Bxg6 hxg6 19. b4 Bb6 20. a4 a6 21. Nb2 Rac8 22. Nd3 a5 23. Rac1 Nb8 24. Kg2 Nd7 25. h4 Qc6 26. h5 Nf8 27. h6 Qc4 28. Kg3 Nh7 29. hxg7 g5 30. Rh1 Qe4 31. Rxh7 Qxh7 32. Qxg5 Qxd3 33. Rh1 Qg6 34. Qf6 Qxg7 35. Qh4 Rxc3 36. Qe7 Rdc8 37. Rh5 Rxf3+ 38. Kh2 Rxf2+ 0-1


[Site "https://www.chess.com"]

[Event "Titled Tuesday Blitz April 11 Early 2023"]
[White "Tan, Zhongyi"]
[Black "Eynullayev, Atilla"]
[WhiteFideId "8603642"]
[BlackFideId "13413570"]
[WhiteElo "2519"]
[BlackElo "2181"]
[Result "1-0"]
[Round "09"]
[TimeControl "180+2"]
[Date "2023.04.11"]
[WhiteClock "0:00:09"]
[BlackClock "0:00:01"]

1. d4 Nf6 2. c4 e6 3. Nc3 Bb4 4. Nf3 O-O 5. e3 d5 6. Bd2 b6 7. cxd5 exd5 8. Bd3 Bb7 9. O-O Re8 10. a3 Bd6 11. Nb5 Bf8 12. Rc1 c5 13. b3 a6 14. Nc3 cxd4 15. Nxd4 Bxa3 16. Rc2 Bf8 17. Na4 Ne4 18. Qg4 Nd7 19. Nf5 g6 20. Bxe4 Rxe4 21. Qg3 Nf6 22. Bc3 Nh5 23. Qf3 Bc8 24. Ng3 Bg4 25. Nxh5 Bxf3 26. Nf6+ Kh8 27. Nxe4+ Bg7 28. Ng3 Bg4 29. Bxg7+ Kxg7 30. Rfc1 Rc8 31. h3 Rxc2 32. Rxc2 Bd7 33. Nc3 Be6 34. Nge2 Qd6 35. Nd4 Qb4 36. Kh2 a5 37. Nce2 b5 38. Nf4 Kf6 39. Rc6 Ke7 40. Rb6 a4 41. Rxb5 Qd6 42. Rb7+ Kf6 43. Kg1 a3 44. Ra7 Kg5 45. g3 Kf6 46. Kg2 g5 47. Nh5+ Kg6 48. g4 Qb4 49. Ra8 f6 50. Nxe6 Qe4+ 51. Kg1 Qxe6 52. Rxa3 Qb6 53. Ng3 h6 54. Nf5 Kf7 55. Nxh6+ Ke6 56. Nf5 Kd7 57. Nd4 Qb4 58. Ra4 Qe1+ 59. Kg2 Qc3 60. Ra6 Ke7 61. Ra7+ Ke8 62. Rb7 Qd3 63. Rb6 Qe4+ 64. Kg1 Kf7 65. b4 Qb1+ 66. Kg2 Qe4+ 67. Kh2 Qe5+ 68. Kg1 Qc7 69. Rc6 Qa7 70. b5 Qa1+ 71. Kg2 Qa8 72. b6 Kg6 73. Rc7 Qb8 74. Nf5 1-0


[Site "https://www.chess.com"]

[Event "Titled Tuesday Blitz April 11 Early 2023"]
[White "Krysa, Leandro"]
[Black "Sharapov, Evgeny"]
[WhiteFideId "116807"]
[BlackFideId "14103133"]
[WhiteElo "2489"]
[BlackElo "2367"]
[Result "1-0"]
[Round "09"]
[TimeControl "180+2"]
[Date "2023.04.11"]
[WhiteClock "0:00:14"]
[BlackClock "0:00:57"]

1. e4 c5 2. Nf3 d6 3. d4 cxd4 4. Nxd4 Nf6 5. Nc3 Nc6 6. Bg5 e6 7. Qd2 Be7 8. f4 O-O 9. O-O-O Nxd4 10. Qxd4 Qa5 11. Kb1 Rd8 12. Bc4 Bd7 13. Bb3 Bc6 14. Rhe1 h6 15. Bh4 Qh5 16. Bg3 Qc5 17. Qd2 b5 18. Nd5 exd5 19. exd5 Bxd5 20. Bf2 Qc6 21. Bxd5 Nxd5 22. Qxd5 Qxd5 23. Rxd5 Bf6 24. Rxb5 Re8 25. Kc1 Rxe1+ 26. Bxe1 Re8 27. Kd1 Re4 28. g3 Rd4+ 29. Bd2 g5 30. Ke2 Re4+ 31. Kf3 Ra4 32. fxg5 hxg5 33. Bxg5 Be5 34. a3 Rd4 35. c3 Rd1 36. Rb7 Rb1 37. Bd2 a5 38. a4 Rd1 39. Ke3 Rh1 40. b4 axb4 41. cxb4 Ra1 42. a5 Ra3+ 43. Ke4 Ra2 44. Kd3 Ra3+ 45. Kc4 Ra2 46. Be3 1-0


[Site "https://www.chess.com"]

[Event "Titled Tuesday Blitz April 11 Early 2023"]
[White "Seo, Jung Min"]
[Black "Omelja, Artem"]
[WhiteFideId "1734687"]
[BlackFideId "14119846"]
[WhiteElo "2468"]
[BlackElo "2404"]
[Result "1-0"]
[Round "09"]
[TimeControl "180+2"]
[Date "2023.04.11"]
[WhiteClock "0:01:01"]
[BlackClock "0:00:01"]

1. Nf3 Nf6 2. g3 d5 3. Bg2 c6 4. O-O Nbd7 5. c4 e6 6. b3 Be7 7. Bb2 O-O 8. d3 b6 9. Nbd2 Bb7 10. Rc1 Rc8 11. Qc2 c5 12. e3 Re8 13. Rfd1 Bf8 14. Qb1 Rc7 15. Ne5 Qa8 16. Nxd7 Nxd7 17. cxd5 Bxd5 18. e4 Bb7 19. Nc4 Rd8 20. a3 Nb8 21. b4 Rcd7 22. b5 Rd4 23. a4 Nd7 24. Bxd4 cxd4 25. Nd2 Nc5 26. Rc4 e5 27. Nb3 Bc8 28. Nxc5 Bxc5 29. Rdc1 Be6 30. Rxc5 bxc5 31. Rxc5 Qb8 32. h4 Qd6 33. Qc1 h6 34. Kh2 Kh7 35. Bh3 Bxh3 36. Kxh3 Rd7 37. Kg2 Qe6 38. Qc4 Qf6 39. Rc6 Qe7 40. Qc5 Qe8 41. a5 Rb7 42. a6 Rb8 43. Qxa7 Rxb5 44. Rc7 Kg6 45. Rb7 f6 46. Rxb5 Qxb5 47. Qb7 Qxd3 48. a7 Qc4 49. a8=Q d3 50. Qe8+ Kh7 51. Qee7 Qg8 52. Qbd7 d2 53. Qxd2 h5 54. Qdd7 Kh6 55. Qee6 Qa8 56. Qf5 Qa6 57. Qd1 1-0


[Site "https://www.chess.com"]

[Event "Titled Tuesday Blitz April 11 Early 2023"]
[White "Hajiyev, Kanan"]
[Black "Al-Tarboush, Ward"]
[WhiteFideId "13404148"]
[BlackFideId "7601450"]
[WhiteElo "2103"]
[BlackElo "2265"]
[Result "1-0"]
[Round "09"]
[TimeControl "180+2"]
[Date "2023.04.11"]
[WhiteClock "0:00:27"]
[BlackClock "0:01:36"]

1. d4 d5 2. c4 c6 3. cxd5 cxd5 4. Nc3 Nf6 5. Bg5 Ne4 6. Bf4 Qa5 7. Qb3 Nxc3 8. bxc3 Nc6 9. e3 g6 10. Bd3 Bg7 11. Nf3 O-O 12. O-O Bg4 13. Nd2 Rac8 14. h3 Bd7 15. Rab1 e5 16. dxe5 Nxe5 17. Bxe5 Bxe5 18. Qxb7 Qxc3 19. Qxd7 Qxd3 20. Nf3 Bg7 21. Rfd1 Qc2 22. Qxd5 Rfd8 23. Qxd8+ Rxd8 24. Rxd8+ Bf8 25. Rbb8 Qxa2 26. Rxf8+ Kg7 27. Rg8+ Kf6 28. g3 a5 29. Kg2 a4 30. Rb6+ Ke7 31. Ra8 g5 32. Ra7+ Kf8 33. Nxg5 Qd5+ 34. Nf3 h5 35. h4 Qe4 36. Rba6 Qd3 37. Rxa4 Qb3 38. Rf4 Ke8 39. Rfxf7 Qb4 40. Rae7+ Kd8 41. Rb7 Qa4 42. Rb8# 1-0


[Site "https://www.chess.com"]

[Event "Titled Tuesday Blitz April 11 Early 2023"]
[White "Karamsetty, Jeevan"]
[Black "Arabidze, Meri"]
[WhiteFideId "2025337"]
[BlackFideId "13604040"]
[WhiteElo "2111"]
[BlackElo "2405"]
[Result "0-1"]
[Round "09"]
[TimeControl "180+2"]
[Date "2023.04.11"]
[WhiteClock "0:00:02"]
[BlackClock "0:00:24"]

1. e4 c5 2. Nc3 e6 3. g3 Nc6 4. Bg2 g6 5. d3 Bg7 6. Be3 d6 7. Qd2 Nge7 8. f4 O-O 9. Nf3 Rb8 10. O-O b5 11. a3 a5 12. Rab1 b4 13. axb4 axb4 14. Ne2 Ba6 15. g4 c4 16. f5 b3 17. dxc4 Bxc4 18. cxb3 Rxb3 19. Rf2 Ne5 20. Ned4 Rd3 21. Qe1 Nxg4 22. Nc2 Nxf2 23. Qxf2 exf5 24. Ng5 h6 25. Nh3 Rb3 26. Nd4 Rb8 27. exf5 Bxd4 28. Bxd4 Nxf5 29. Rd1 Nxd4 30. Rxd4 Be6 31. Nf4 Bf5 32. Nd5 Qg5 33. Qd2 Qxd2 34. Rxd2 Kg7 35. Ne7 Be6 36. Rxd6 Rxb2 37. Nc6 Rb1+ 38. Kf2 Rb2+ 39. Kg3 Rc8 40. Nd4 Rc3+ 41. Bf3 Bc4 42. Rd7 Rd3 43. h4 Rbd2 44. Nf5+ gxf5 45. Rc7 Bd5 0-1


[Site "https://www.chess.com"]

[Event "Titled Tuesday Blitz April 11 Early 2023"]
[White "Dushyant Sharma"]
[Black "Skliarov, Viktor"]
[WhiteFideId "25065130"]
[BlackFideId "14106736"]
[WhiteElo "2198"]
[BlackElo "2317"]
[Result "1/2-1/2"]
[Round "09"]
[TimeControl "180+2"]
[Date "2023.04.11"]
[WhiteClock "0:01:27"]
[BlackClock "0:00:20"]

1. e4 c5 2. Nf3 Nc6 3. d4 cxd4 4. Nxd4 Nf6 5. Nc3 e5 6. Nxc6 bxc6 7. Bd3 d5 8. O-O Be7 9. Kh1 O-O 10. f4 dxe4 11. Nxe4 Nxe4 12. Bxe4 Ba6 13. Qxd8 Raxd8 14. Re1 exf4 15. Bxf4 Bf6 16. c3 c5 17. Rad1 h6 18. h3 Bc4 19. a3 Bb3 20. Rxd8 Rxd8 21. Kh2 Bg5 22. Bxg5 hxg5 23. Re2 g6 24. Bf3 Bd1 25. Re5 Bxf3 26. gxf3 Rd2+ 27. Kg3 Rxb2 28. Rxg5 Rb3 29. Rxc5 Rxa3 1/2-1/2


[Site "https://www.chess.com"]

[Event "Titled Tuesday Blitz April 11 Early 2023"]
[White "Vovk, Orest"]
[Black "Hua, Lefong"]
[WhiteFideId "14113490"]
[BlackFideId "2602253"]
[WhiteElo "2215"]
[BlackElo "2613"]
[Result "0-1"]
[Round "09"]
[TimeControl "180+2"]
[Date "2023.04.11"]
[WhiteClock "0:00:03"]
[BlackClock "0:00:04"]

1. h4 h5 2. Nf3 Nf6 3. Ng5 c5 4. Nc3 Nc6 5. e4 d6 6. Bc4 e6 7. d3 a6 8. a3 b5 9. Ba2 Nd4 10. Ne2 Qb6 11. Nxd4 cxd4 12. O-O g6 13. Qf3 Bg7 14. e5 Bb7 15. exf6 Bxf3 16. fxg7 Rg8 17. Nxf3 Rxg7 18. Bg5 Kd7 19. Bf6 Rgg8 20. Nxd4 Rac8 21. c3 a5 22. Rfe1 Rge8 23. Bb3 a4 24. Ba2 Qc5 25. Re3 Kc7 26. Rae1 Kb8 27. Rg3 Rc7 28. Rg5 e5 29. Nc2 Qb6 30. Nb4 Rd7 31. Nd5 Qc5 32. Re4 Rb7 33. Rg3 Re6 34. Rf3 Qc8 35. Nb4 Re8 36. Bd5 Rc7 37. Kf1 Ka7 38. Kg1 Kb6 39. Bg5 f5 40. Re1 f4 41. Re4 Rc5 42. Bf7 Rf8 43. Ba2 Qg4 44. d4 exd4 45. Rxd4 Re5 46. Rd1 Kc7 47. Nd5+ Kb8 48. Nf6 Qf5 49. Nd5 Rfe8 50. Rfd3 Re1+ 51. Rxe1 Rxe1+ 52. Kh2 f3 53. g3 Rh1+ 54. Kxh1 Qh3+ 55. Kg1 Qg2# 0-1


[Site "https://www.chess.com"]

[Event "Titled Tuesday Blitz April 11 Early 2023"]
[White "Kaidanov, Gregory"]
[Black "Toncheva, Nadya"]
[WhiteFideId "2008564"]
[BlackFideId "2924056"]
[WhiteElo "2547"]
[BlackElo "2101"]
[Result "1-0"]
[Round "09"]
[TimeControl "180+2"]
[Date "2023.04.11"]
[WhiteClock "0:00:45"]
[BlackClock "0:00:06"]

1. Nf3 c5 2. c4 g6 3. d4 cxd4 4. Nxd4 Bg7 5. e4 Nc6 6. Nc2 Nf6 7. Nc3 O-O 8. Be2 d6 9. O-O Be6 10. b3 a6 11. Bb2 Nxe4 12. Qe1 Nf6 13. Rd1 Qa5 14. Ne3 Rac8 15. Kh1 Rfe8 16. f4 Nd7 17. f5 gxf5 18. Bd3 f4 19. Rxf4 Qg5 20. Rf3 Nde5 21. Rg3 Qh5 22. Ne4 Kh8 23. Bb1 Rg8 24. Rg5 Qh6 25. Qe2 Ng6 26. Rh5 Nf4 27. Rxh6 Nxe2 28. Ng5 Rgf8 29. Rxh7+ Kg8 30. Rxg7+ Kh8 31. Rh7+ Kg8 1-0


[Site "https://www.chess.com"]

[Event "Titled Tuesday Blitz April 11 Early 2023"]
[White "wqws"]
[Black "Ruiz Aguilar, Pablo Alexander"]
[BlackFideId "4401352"]
[WhiteElo "2611"]
[BlackElo "2138"]
[Result "1/2-1/2"]
[Round "09"]
[TimeControl "180+2"]
[Date "2023.04.11"]
[WhiteClock "0:00:11"]
[BlackClock "0:00:04"]

1. e4 c5 2. Nf3 e6 3. d4 cxd4 4. Nxd4 a6 5. Bd3 Nf6 6. O-O d6 7. Qe2 Be7 8. c4 b6 9. Nc3 Bb7 10. f4 g6 11. Be3 O-O 12. Rad1 Nbd7 13. Bb1 Qc7 14. Kh1 Rfc8 15. Bd3 Nc5 16. f5 e5 17. fxg6 fxg6 18. Nb3 Ncxe4 19. Nxe4 Nxe4 20. Bxb6 Ng3+ 21. hxg3 Qxb6 22. Be4 Rf8 23. Qg4 Bxe4 24. Qxe4 Rxf1+ 25. Rxf1 Rf8 26. Qd5+ Kg7 27. Rxf8 Bxf8 28. c5 dxc5 29. Qxe5+ Qf6 30. Qxf6+ Kxf6 31. Kg1 Ke5 32. Kf2 c4 33. Nd2 Kd4 34. Ke2 Bd6 35. Nf3+ Kc5 36. g4 Kb4 37. Kd2 Bf4+ 38. Kc2 a5 39. Nd4 g5 40. Nf5 Kc5 41. g3 Be5 42. b3 cxb3+ 43. Kxb3 Kd5 44. Ka4 Bc7 45. Kb5 Ke4 46. Kc6 Bd8 47. Kd7 Bb6 48. Ke6 Kf3 49. Nh6 Kxg3 50. Kf5 Kh4 51. Nf7 Be3 52. Ne5 Bf4 53. Nf3+ Kg3 54. Nxg5 Bxg5 55. Kxg5 a4 56. Kf5 a3 57. g5 Kh4 58. Kf4 Kh5 59. Kf5 Kh4 60. Kf4 Kh3 61. Kf3 Kh4 62. Kf4 1/2-1/2


[Site "https://www.chess.com"]

[Event "Titled Tuesday Blitz April 11 Early 2023"]
[White "Shukhman, Anna"]
[Black "Mikhailovsky, Vladimir"]
[WhiteFideId "54180058"]
[BlackFideId "34105414"]
[WhiteElo "2125"]
[BlackElo "2275"]
[Result "1-0"]
[Round "09"]
[TimeControl "180+2"]
[Date "2023.04.11"]
[WhiteClock "0:00:13"]
[BlackClock "0:00:02"]

1. e4 e5 2. Nf3 d5 3. exd5 e4 4. Qe2 Nf6 5. Nc3 Be7 6. Nxe4 O-O 7. d3 Qxd5 8. Nxf6+ Bxf6 9. Qd1 b6 10. Be2 Bb7 11. O-O c5 12. Re1 Nc6 13. Bf1 Rfe8 14. Bd2 Bxb2 15. Rb1 Bf6 16. h3 h6 17. Nh2 Ne5 18. f4 Ng6 19. Ng4 Bd4+ 20. Kh2 Nh4 21. c4 Qd6 22. Re2 f5 23. Ne5 Rxe5 24. fxe5 Bxe5+ 25. Kh1 f4 26. Qe1 f3 27. Qxh4 fxe2 28. Bxe2 Qg6 29. Qg4 Qxg4 30. Bxg4 Rf8 31. Be3 Rd8 32. Bf5 Rf8 33. Be6+ Kh7 34. a4 Bc6 35. a5 bxa5 36. Bxc5 Rf6 37. Bd5 Bxd5 38. cxd5 a4 39. Bxa7 Bc3 40. Bc5 Rf5 41. Rc1 Bb2 42. Rc4 1-0


[Site "https://www.chess.com"]

[Event "Titled Tuesday Blitz April 11 Early 2023"]
[White "Lehtosaari, Mauri"]
[Black "Amilal Munkhdalai"]
[WhiteFideId "501999"]
[BlackFideId "4903250"]
[WhiteElo "2520"]
[BlackElo "2293"]
[Result "0-1"]
[Round "09"]
[TimeControl "180+2"]
[Date "2023.04.11"]
[WhiteClock "0:00:12"]
[BlackClock "0:00:46"]

1. d4 Nf6 2. Nf3 d5 3. Bg5 c6 4. Nbd2 Bf5 5. e3 e6 6. c4 h6 7. Bh4 Nbd7 8. Qb3 Qb6 9. c5 Qxb3 10. axb3 a6 11. b4 Ne4 12. b5 g5 13. Bg3 Nxg3 14. hxg3 cxb5 15. Bxb5 O-O-O 16. Bxd7+ Rxd7 17. Nxg5 e5 18. Ngf3 exd4 19. Nxd4 Bg6 20. b4 Bg7 21. N2f3 Re8 22. O-O Be4 23. Rfd1 Rc7 24. c6 Rxc6 25. Nxc6 Bxa1 26. Rxa1 bxc6 27. Rxa6 Kb7 28. Ra5 Bxf3 29. gxf3 Rb8 30. g4 Kc7 31. Ra7+ Rb7 32. Ra8 Kb6 33. Rh8 Kb5 34. Rxh6 Rc7 35. f4 Kxb4 36. g5 c5 37. Kf1 Kc3 38. Ke2 c4 39. Rb6 Kc2 40. f5 c3 41. g6 fxg6 42. fxg6 Kc1 43. f4 Re7 44. Kd3 Rc7 45. f5 c2 46. Ke2 Rg7 47. Rb5 d4 48. exd4 Re7+ 49. Kf3 Kd2 50. Rc5 Re3+ 51. Kf4 Rc3 52. Rxc3 Kxc3 53. g7 c1=Q+ 54. Ke5 Qg5 55. Ke6 Qxg7 56. d5 Kd4 57. f6 Qf8 58. d6 Qe8+ 59. Kf5 Kd5 0-1


[Site "https://www.chess.com"]

[Event "Titled Tuesday Blitz April 11 Early 2023"]
[White "Goffredo_Fofi"]
[Black "Weetik, Vjacheslav"]
[BlackFideId "4153472"]
[WhiteElo "2518"]
[BlackElo "2469"]
[Result "1/2-1/2"]
[Round "09"]
[TimeControl "180+2"]
[Date "2023.04.11"]
[WhiteClock "0:00:07"]
[BlackClock "0:00:05"]

1. d4 Nf6 2. Nf3 g6 3. c4 Bg7 4. Nc3 d6 5. e4 O-O 6. Be2 e5 7. d5 a5 8. Bg5 h6 9. Be3 Ng4 10. Bd2 f5 11. exf5 gxf5 12. h3 Nf6 13. Qc1 f4 14. g3 e4 15. Nh4 e3 16. fxe3 fxg3 17. Ng6 Re8 18. Rg1 Bf5 19. Rxg3 Na6 20. e4 Nxe4 21. Nxe4 Rxe4 22. Bc3 Rxe2+ 23. Kxe2 Qe8+ 24. Qe3 Bxg6 25. Rag1 Qxe3+ 26. Kxe3 Re8+ 27. Kf2 Bxc3 28. Rxg6+ Kh7 29. bxc3 Re7 30. Re6 Rf7+ 31. Ke3 Nc5 32. Re8 Nd7 33. Rgg8 Ne5 34. Rh8+ Kg6 35. Reg8+ Kh5 36. Rf8 Rg7 37. Rf5+ Kg6 38. Rf4 Kh5 39. Rf5+ Kg6 40. Rhf8 Nxc4+ 41. Kd4 Ne5 42. R5f6+ Kh7 43. Rd8 Re7 44. h4 h5 45. Rf5 Kg6 46. Rdf8 c5+ 47. dxc6 bxc6 48. Rg5+ Kh7 49. Rff5 c5+ 50. Kd5 Nf7 51. Rxh5+ Kg6 52. Rhg5+ Nxg5 53. Rxg5+ Kf6 54. Kxd6 Re3 55. Rxc5 a4 56. Kc6 a3 57. Ra5 Rxc3+ 58. Kb6 Ke6 59. Kb5 Rh3 60. Ra4 Kd6 61. Kb4 Rxh4+ 62. Kxa3 Rh3+ 63. Kb4 Kc6 64. Ka5 Kb7 65. Kb5 Rh5+ 66. Kb4 Kb6 67. Kb3 Rh3+ 68. Kb4 Rh4+ 69. Kb3 Rh3+ 70. Kb4 Rh1 71. Kb3 Rh3+ 1/2-1/2


[Site "https://www.chess.com"]

[Event "Titled Tuesday Blitz April 11 Early 2023"]
[White "Karttunen, Mika"]
[Black "Deng, Henry"]
[WhiteFideId "502081"]
[BlackFideId "30965454"]
[WhiteElo "2396"]
[BlackElo "2514"]
[Result "0-1"]
[Round "09"]
[TimeControl "180+2"]
[Date "2023.04.11"]
[WhiteClock "0:00:37"]
[BlackClock "0:01:21"]

1. d4 d5 2. c4 c6 3. Nc3 Nf6 4. Nf3 e6 5. Bg5 Be7 6. e3 O-O 7. Bd3 h6 8. Bh4 dxc4 9. Bxc4 b5 10. Bd3 Nbd7 11. O-O a6 12. Ne4 c5 13. Nxf6+ Nxf6 14. Rc1 cxd4 15. Nxd4 Bb7 16. Nc6 Bxc6 17. Rxc6 Nd5 18. Bxe7 Qxe7 19. a3 Rfd8 20. Qc2 Qd7 21. Rc1 Kh8 22. Be4 Rab8 23. h3 Nb6 24. Bf3 Rbc8 25. Rd1 Qe8 26. Rxd8 Qxd8 27. Rxc8 Nxc8 28. Bb7 Nd6 29. Bxa6 Qa8 30. Bxb5 Nxb5 31. Qc5 Qb7 32. a4 Nc7 33. Qf8+ Kh7 34. Qxf7 Qc6 35. b4 Nd5 36. b5 Qc1+ 37. Kh2 Qc7+ 38. g3 Qxf7 0-1


[Site "https://www.chess.com"]

[Event "Titled Tuesday Blitz April 11 Early 2023"]
[White "Poliakova, Varvara"]
[Black "Dominguez Pons, Eric"]
[WhiteFideId "13518313"]
[BlackFideId "2262916"]
[WhiteElo "2075"]
[BlackElo "2302"]
[Result "1-0"]
[Round "09"]
[TimeControl "180+2"]
[Date "2023.04.11"]
[WhiteClock "0:02:22"]
[BlackClock "0:02:27"]

1. e4 Nf6 2. e5 Ng8 3. d4 d6 4. Nf3 Bg4 5. h3 Bh5 6. g4 Bg6 7. h4 h5 8. e6 hxg4 9. Ng5 Nh6 10. Nc3 f6 11. Bd3 Bxd3 12. Qxd3 f5 13. Nf7 Qc8 14. Nxh8 Qxe6+ 15. Qe3 1-0


[Site "https://www.chess.com"]

[Event "Titled Tuesday Blitz April 11 Early 2023"]
[White "Skvortsov, Andrei"]
[Black "Nguyen, Hong Anh"]
[WhiteFideId "24108600"]
[BlackFideId "12406732"]
[WhiteElo "2259"]
[BlackElo "2054"]
[Result "0-1"]
[Round "09"]
[TimeControl "180+2"]
[Date "2023.04.11"]
[WhiteClock "0:01:07"]
[BlackClock "0:00:17"]

1. Nf3 Nf6 2. d4 g6 3. Nc3 d5 4. Bg5 Bg7 5. Bxf6 Bxf6 6. e4 dxe4 7. Nxe4 Bg7 8. h3 O-O 9. Bc4 Nd7 10. O-O c5 11. Nxc5 Nxc5 12. dxc5 Bxb2 13. Rb1 Bg7 14. Qd5 Qc7 15. Rfd1 Rb8 16. Bb3 Be6 17. Qe4 Bxb3 18. Rxb3 Qxc5 19. Rd7 Bf6 20. Rbxb7 Rxb7 21. Qxb7 Qxc2 22. Qxa7 Rc8 23. Kh2 Qe2 24. Rd2 Be5+ 25. Nxe5 Qxd2 26. Ng4 h5 27. Ne3 Qxf2 28. Qd4 h4 29. Qe4 Qg3+ 30. Kg1 Rc1+ 31. Nf1 Qe1 32. Qf3 Rc3 33. Qf4 e5 34. Qf6 Rc1 35. a4 Qe3+ 36. Kh2 Qf4+ 37. Qxf4 exf4 38. Nd2 Ra1 39. Nf3 Rxa4 40. Nxh4 Ra2 41. Nf3 Kg7 42. h4 Kf6 43. Kh3 Kf5 44. Nd4+ Ke4 45. Nf3 f6 46. Ne1 Rf2 47. Kh2 Ke3 48. Kg1 Ra2 49. Nf3 Rf2 50. Nh2 f5 51. Nf1+ Rxf1+ 52. Kxf1 f3 53. Kg1 Ke2 54. gxf3 Kxf3 0-1


[Site "https://www.chess.com"]

[Event "Titled Tuesday Blitz April 11 Early 2023"]
[White "Dzagnidze, Nana"]
[Black "Lorenzo De La Riva, Lazaro"]
[WhiteFideId "13601903"]
[BlackFideId "2268809"]
[WhiteElo "2406"]
[BlackElo "2294"]
[Result "0-1"]
[Round "09"]
[TimeControl "180+2"]
[Date "2023.04.11"]
[WhiteClock "0:00:03"]
[BlackClock "0:00:18"]

1. d4 Nf6 2. c4 d6 3. Nc3 g6 4. Nf3 Bg7 5. g3 O-O 6. Bg2 Nc6 7. O-O e5 8. h3 Re8 9. Be3 Bf5 10. g4 Bd7 11. Qd2 h5 12. g5 Nh7 13. dxe5 dxe5 14. Rfd1 Be6 15. Nd5 Qc8 16. h4 Ne7 17. Bc5 Nf5 18. Rac1 c6 19. e4 cxd5 20. cxd5 Bd7 21. Ba3 Qd8 22. exf5 Bxf5 23. d6 Nf8 24. Rc7 Nd7 25. Rxb7 Bg4 26. Re1 Rb8 27. Rxa7 Qb6 28. Rc7 e4 29. Nh2 Bf5 30. Nf1 Ne5 31. Ne3 Red8 32. Nd5 Qb5 33. Ne7+ Kh8 34. Nxf5 gxf5 35. Qf4 Ng4 36. Rxf7 Rf8 37. Rxf8+ Rxf8 38. Rf1 Bd4 39. d7 Rd8 40. Qd6 Qxd7 41. Qg6 Qh7 42. Qxh7+ Kxh7 43. Bh3 Kg6 44. Kg2 f4 45. Bb4 Be5 46. Re1 Kf5 47. f3 exf3+ 48. Kxf3 Rd3+ 49. Kg2 Rg3+ 50. Kf1 Rxh3 51. a4 f3 52. Bc5 Rh1+ 0-1


[Site "https://www.chess.com"]

[Event "Titled Tuesday Blitz April 11 Early 2023"]
[White "Gogolev, Artem"]
[Black "Vlassov, Nikolai"]
[WhiteFideId "4116615"]
[BlackFideId "4103360"]
[WhiteElo "2182"]
[BlackElo "2324"]
[Result "1-0"]
[Round "09"]
[TimeControl "180+2"]
[Date "2023.04.11"]
[WhiteClock "0:00:08"]
[BlackClock "0:00:01"]

1. d4 Nf6 2. c4 Nc6 3. Nf3 e6 4. g3 Bb4+ 5. Nbd2 a5 6. Bg2 d6 7. O-O e5 8. Nb1 exd4 9. Nxd4 Ne5 10. h3 O-O 11. b3 d5 12. cxd5 Nxd5 13. Bb2 c6 14. a3 Be7 15. Nc3 Nxc3 16. Bxc3 Bf6 17. e4 c5 18. Nb5 Qb6 19. a4 Rd8 20. Qc2 Bd7 21. f4 Bxb5 22. axb5 Nd3 23. e5 Be7 24. Be4 c4+ 25. Kg2 cxb3 26. Qxb3 Nc5 27. Bxh7+ Kxh7 28. Qxf7 Ne4 29. Qf5+ Qg6 30. Qxg6+ Kxg6 31. Bxa5 Rd3 32. f5+ Kh7 33. g4 Bc5 34. Rf3 Rd5 35. h4 Rxe5 36. Bc3 Rxa1 37. Bxa1 Rd5 38. g5 Rd2+ 39. Kh3 Nf2+ 40. Kg3 Bd6+ 41. Kg2 Ne4+ 42. Kh3 1-0


[Site "https://www.chess.com"]